 Dungeon Sprint DCSS version 0.29.1-4-g47bece8355 (webtiles) character file.

Game seed: 3095044028673625864

5639 sanboga the Spry (level 10, -15/59 HPs)
             Began as a Felid Berserker on Dec 11, 2022.
             Was the Champion of Trog.
             Demolished by a spark wasp (18 damage)
             ... in the Dungeon (Sprint IX: "|||||||||||||||||||||||||||||").
             The game lasted 00:03:25 (1366 turns).

sanboga the Spry (Felid Berserker)                  Turns: 1366, Time: 00:03:25

Health: -15/59     AC:  2    Str: 16    XL:     10   Next: 46%
Magic:  11/11      EV: 40    Int:  8    God:    Trog [******]
Gold:   0          SH:  0    Dex: 24    Spells: 9/9 levels left
                                        Lives:  0   Deaths: 3

rFire   . . .      SeeInvis +     - Unarmed
rCold   . . .      Faith    .   (shield unavailable)
rNeg    . . .      Spirit   .   (body armour unavailable)
rPois   .          Reflect  .   (helmet unavailable)
rElec   .          Harm     .   (cloak unavailable)
rCorr   .          Rampage  .   (gloves unavailable)
Will    +....      NoTele   +   (boots unavailable)
Stlth   ++++++....              (no amulet)
HPRegen 0.19/turn               j - +3 ring of strength
MPRegen 0.12/turn               i - +3 ring of dexterity

@: on berserk cooldown, quick
A: very small, claws 1, fangs 3, see invisible, speed 1, shaggy fur 2, stealthy
paws, no weapons or thrown items, no armour, multi-lived
a: Renounce Religion, Berserk, Trog's Hand, Brothers in Arms


You were in the Dungeon.
You worshipped Trog.
Trog was exalted by your worship.
You visited 1 branch

Inventory:

Jewellery
 i - a +3 ring of dexterity (right paw)
 j - a +3 ring of strength (left paw)
 l - a ring of protection from cold
 o - a ring of willpower
 p - a ring of poison resistance
 q - a ring of ice
 r - a ring of ice
Wands
 h - a wand of quicksilver (10)
Scrolls
 f - 6 scrolls of blinking
 m - 4 scrolls of fear
 n - a scroll of identify
 s - a scroll of butterflies
Potions
 a - 4 potions of curing
 b - 13 potions of heal wounds
 c - 3 potions of haste
 d - 4 potions of magic
 e - 2 potions of berserk rage
 g - a potion of invisibility
 k - 3 potions of mutation


   Skills:
 + Level 16.3 Fighting
 + Level 20.7 Dodging
 + Level 15.2 Stealth
 + Level 16.3 Unarmed Combat


You had 9 spell levels left.
You didn't know any spells.
Your spell library was empty.

Dungeon Overview and Level Annotations

Branches:
Dungeon (1/1)

Altars:
Cheibriados
Dithmenos
Elyvilon
Fedhas
Gozag
Hepliaklqana
Kikubaaqudgha
Makhleb
Nemelex Xobeh
Okawaru
Qazlal
Ru
Sif Muna
Trog
Uskayaw
Vehumet
Wu Jian
Xom
Yredelemnul
Zin
The Shining One
Jiyva
Lugonu


Innate Abilities, Weirdness & Mutations

You have sharp claws.
You have razor-sharp teeth.
You have supernaturally acute eyesight. (SInv)
You cover ground quickly. (Speed+)
You are covered in thick fur. (AC +2)
Your paws help you pounce on unaware monsters.
You are incapable of wielding weapons or throwing items.
You cannot wear armour.
You gain extra lives every three experience levels.


Message History

The red ugly thing misses you.
You closely miss the red ugly thing.
The red ugly thing is heavily wounded.
The red ugly thing completely misses you.
You barely miss the red ugly thing. Your claw misses the red ugly thing.
The red ugly thing is heavily wounded.
You feel yourself speed up. The red ugly thing misses you.
You scratch the red ugly thing.
The red ugly thing is heavily wounded.
The red ugly thing completely misses you.
You claw the red ugly thing!
The red ugly thing is severely wounded.
You scratch the red ugly thing but do no damage.
You bite the red ugly thing, but do no damage.
The red ugly thing is severely wounded.
The red ugly thing completely misses you.
You mangle the red ugly thing!!
You kill the red ugly thing!
Trog accepts your kill.
The tengu conjurer casts a spell.
You hear a deafening roar!
You scratch the spark wasp but do no damage.
The spark wasp completely misses you.
You scratch the spark wasp but do no damage.
The spark wasp closely misses you.
You claw the spark wasp! You bite the spark wasp.
The spark wasp is moderately wounded.
The spark wasp completely misses you.
You scratch the spark wasp but do no damage.
The spark wasp is moderately wounded.
The spark wasp completely misses you.
An ice dragon comes into view.
You claw the spark wasp! Your bite misses the spark wasp.
The spark wasp is heavily wounded.
The spark wasp misses you.
You mangle the spark wasp!! Your claw misses the spark wasp.
The spark wasp is severely wounded.
The spark wasp stings you!!
You die...

▓.▓†▓
▓D▓
▓.▓.▓
▓Q▓
▓.▓.▓
▓C▓
▓.▓.▓[▓
▓C▓
▓.▓.▓[▓
▓C▓
▓.▓.▓[▓
▓C▓
▓.▓.▓.▓
▓y▓
▓Y▓.▓)▓
▓@▓
▓.▓.▓?▓
▓)▓
▓†▓.▓.▓
▓.▓
▓Y▓.▓'▓
▓?▓
▓†▓.▓_▓
▓.▓
▓.▓.▓_▓
▓.▓
▓.▓.▓_▓
▓.▓
▓.▓.▓_▓
▓.▓.▓
▓†▓.▓_▓
▓.▓.▓
▓÷▓.▓_▓


You could see a fire giant, an ice dragon, a stone giant, 2 ettins, a spark wasp
and a tengu conjurer.

Vanquished Creatures
  2 hydras (D)
  A catoblepas (D)
  A death knight (D)
  A centaur warrior (D)
  5 death yaks (D)
  A deep elf pyromancer (D)
  An orc knight (D)
  2 ugly things (D)
  A manticore (D)
  A cyclops (D)
  An elephant (D)
  A black mamba (D)
  An unseen horror (D)
  2 cane toads (D)
  A komodo dragon (D)
  A troll (D)
  A meliai (D)
  A hornet (D)
  A polar bear (D)
  A blink frog (D)
  3 yaks (D)
  A vampire (D)
  A fire bat (shapeshifter) (D)
  2 wraiths (D)
  7 water moccasins (D)
  A bullfrog (D)
  A necrophage (D)
  A killer bee (D)
  A howler monkey (D)
  2 jellies (D)
  A gnoll (D)
  A goblin (D)
  2 hobgoblins (D)
  A frilled lizard (D)
  A kobold (D)
53 creatures vanquished.

Vanquished Creatures (others)
  A tengu conjurer (D)
1 creature vanquished.

Grand Total: 54 creatures vanquished

Notes
Turn   | Place    | Note
-------+----------+-------------------------------------------
     0 | D        | sanboga the Felid Berserker began the quest for the Orb.
     0 | D        | Reached XP level 1. HP: 10/10 MP: 2/2
    10 | D        | Reached ** piety under Trog
    21 | D        | Noticed a jelly
    21 | D        | Noticed a necrophage
    21 | D        | Noticed a water moccasin
    21 | D        | Noticed a jelly
    24 | D        | Killed a jelly
    25 | D        | Reached skill level 6 in Dodging
    25 | D        | Reached XP level 2. HP: 14/15 MP: 3/3
    25 | D        | Reached XP level 3. HP: 17/18 MP: 4/4
    30 | D        | Reached *** piety under Trog
    39 | D        | Killed a water moccasin
    40 | D        | Reached skill level 8 in Dodging
    40 | D        | Reached XP level 4. HP: 19/24 MP: 5/5
    40 | D        | Reached XP level 5. HP: 22/28 MP: 6/6
    46 | D        | Reached skill level 9 in Dodging
    47 | D        | Reached skill level 10 in Dodging
   191 | D        | Found a snail-covered altar of Cheibriados.
   191 | D        | Found a shadowy altar of Dithmenos.
   191 | D        | Found a white marble altar of Elyvilon.
   191 | D        | Found a blossoming altar of Fedhas.
   191 | D        | Found an opulent altar of Gozag.
   192 | D        | Found a hazy altar of Hepliaklqana.
   193 | D        | Found a viscous altar of Jiyva.
   194 | D        | Found an ancient bone altar of Kikubaaqudgha.
   195 | D        | Found a corrupted altar of Lugonu.
   196 | D        | Found a burning altar of Makhleb.
   197 | D        | Found a sparkling altar of Nemelex Xobeh.
   198 | D        | Found an iron altar of Okawaru.
   199 | D        | Found a stormy altar of Qazlal.
   200 | D        | Found a sacrificial altar of Ru.
   201 | D        | Found a shimmering blue altar of Sif Muna.
   202 | D        | Found a bloodstained altar of Trog.
   203 | D        | Found a hide-covered altar of Uskayaw.
   204 | D        | Found a radiant altar of Vehumet.
   205 | D        | Found an ornate altar of the Wu Jian Council.
   206 | D        | Found a shimmering altar of Xom.
   207 | D        | Found a basalt altar of Yredelemnul.
   208 | D        | Found a glowing silver altar of Zin.
   209 | D        | Found a glowing golden altar of the Shining One.
   239 | D        | Noticed a hornet
   239 | D        | Noticed an unseen horror
   239 | D        | Noticed a yak
   239 | D        | Noticed a vampire
   245 | D        | Killed a vampire
   245 | D        | Reached **** piety under Trog
   246 | D        | Reached skill level 11 in Dodging
   246 | D        | Gained mutation: You are covered in thick fur. (AC +2)
                  | [Felid growth]
   246 | D        | Reached XP level 6. HP: 34/34 MP: 7/7
   254 | D        | Killed a yak
   255 | D        | Reached skill level 12 in Dodging
   255 | D        | Reached XP level 7. HP: 38/38 MP: 8/8
   260 | D        | Killed an unseen horror
   261 | D        | Reached skill level 10 in Fighting
   261 | D        | Reached skill level 13 in Dodging
   261 | D        | Reached skill level 10 in Unarmed Combat
   262 | D        | Killed a hornet
   262 | D        | Reached ***** piety under Trog
   263 | D        | Reached XP level 8. HP: 44/44 MP: 9/9
   315 | D        | Noticed a troll
   315 | D        | Noticed a white ugly thing
   315 | D        | Noticed a meliai
   317 | D        | Killed a meliai
   318 | D        | Reached skill level 14 in Dodging
   321 | D        | HP: 2/67 [white ugly thing (17)]
   322 | D        | Killed a white ugly thing
   323 | D        | Reached skill level 15 in Dodging
   323 | D        | Succumbed to a meliai's poison
   324 | D        | Reached XP level 7. HP: 0/61 MP: 8/8
   332 | D        | Noticed a fire bat
   337 | D        | Killed a wraith
   338 | D        | Reached XP level 8. HP: 45/45 MP: 9/9
   340 | D        | Killed a troll
   346 | D        | Reached skill level 16 in Dodging
   569 | D        | Noticed an elephant
   569 | D        | Noticed a blink frog
   579 | D        | Reached skill level 1 in Stealth
   585 | D        | Killed a blink frog
   587 | D        | Killed an elephant
   588 | D        | Reached XP level 9. HP: 41/51 MP: 10/10
   588 | D        | Noticed an eight-headed hydra
   592 | D        | Reached skill level 5 in Stealth
   592 | D        | Reached ****** piety under Trog
   903 | D        | Killed an eight-headed hydra
   904 | D        | Reached skill level 17 in Dodging
   954 | D        | Noticed a komodo dragon
   954 | D        | Noticed a black mamba
   954 | D        | Noticed a catoblepas
   954 | D        | Noticed a cane toad
   954 | D        | Noticed a cane toad
   957 | D        | Killed a cane toad
   958 | D        | Noticed a polar bear
   962 | D        | Killed a catoblepas
   963 | D        | Reached XP level 10. HP: 56/56 MP: 11/11
   964 | D        | Killed a cane toad
   965 | D        | Reached skill level 18 in Dodging
   965 | D        | Noticed a six-headed hydra
   968 | D        | Killed a black mamba
   972 | D        | Reached skill level 10 in Stealth
   979 | D        | Killed a six-headed hydra
  1007 | D        | Noticed a death yak
  1007 | D        | Noticed a death yak
  1007 | D        | Noticed a death yak
  1007 | D        | Noticed a death yak
  1010 | D        | Noticed a death yak
  1016 | D        | Killed a death yak
  1017 | D        | Reached skill level 15 in Fighting
  1017 | D        | Reached skill level 19 in Dodging
  1017 | D        | Noticed a catoblepas
  1023 | D        | Killed a death yak
  1024 | D        | Reached skill level 15 in Unarmed Combat
  1029 | D        | Killed a death yak
  1038 | D        | Killed a death yak
  1039 | D        | Reached XP level 11. HP: 41/61 MP: 12/12
  1197 | D        | Killed a death yak
  1204 | D        | Mangled by a catoblepas
  1205 | D        | Reached XP level 10. HP: -8/58 MP: 11/11
  1215 | D        | HP: 2/58 [catoblepas/blast of calcifying dust (3)]
  1218 | D        | Slain by a catoblepas
  1219 | D        | Reached XP level 9. HP: -5/54 MP: 10/10
  1308 | D        | Noticed a cyclops
  1308 | D        | Noticed a tengu conjurer
  1308 | D        | Noticed a deep elf pyromancer
  1308 | D        | Noticed a death knight
  1308 | D        | Noticed an orc knight
  1308 | D        | Noticed a manticore
  1314 | D        | Killed a manticore
  1320 | D        | Killed an orc knight
  1321 | D        | Reached skill level 20 in Dodging
  1325 | D        | Killed a death knight
  1326 | D        | Noticed a centaur warrior
  1331 | D        | Noticed a red ugly thing
  1331 | D        | Noticed a spark wasp
  1333 | D        | Noticed an ettin
  1335 | D        | Killed a deep elf pyromancer
  1335 | D        | Noticed an ettin
  1336 | D        | Reached XP level 10. HP: 51/58 MP: 11/11
  1340 | D        | Noticed a stone giant
  1343 | D        | Killed a cyclops
  1347 | D        | Killed a centaur warrior
  1348 | D        | Reached skill level 15 in Stealth
  1348 | D        | Noticed a fire giant
  1352 | D        | HP: 1/58 [red ugly thing (14)]
  1360 | D        | Killed a red ugly thing
  1364 | D        | Noticed an ice dragon
  1366 | D        | Demolished by a spark wasp

Illustrated notes

Levels and vault maps discovered:
D:        linesprint [early_d, line_temple, items_1, d_10, items_2, lair_1,
          lair_end, items_3, orc_1, orc_end, items_4, d_15, swamp_1, shoals_1,
          snake_1, spider_1, d_20, vaults_1, items_5, swamp_end, shoals_end,
          snake_end, spider_end, vaults_end, d_27, items_6, zot_1, zot_end,
          crypt_end, forest_end, elf_end, slime_end, tomb_end, abyss_end,
          pan_hell_end]

Skill      XL: |  1  2  3  4  5  6  7  8  9 10 |
---------------+-------------------------------+-----
Fighting       | 4 6 8 9 12 13 16 15 | 16.3
Dodging        | 6 8 11 12 13 16 20 19 | 20.7
Unarmed Combat | 4 6 8 9 12 13 16 15 | 16.3
Stealth        | 4 14 15 | 15.2

Action                   |  1- 3 |  4- 6 |  7- 9 | 10-12 || total
-------------------------+-------+-------+-------+-------++-------
Melee: Unarmed           |    28 |    20 |    89 |    88 ||   225
       Bite              |     2 |     2 |    13 |    16 ||    33
       Punch             |       |       |     6 |     7 ||    13
Invok: Berserk           |     1 |     1 |     6 |     1 ||     9
  Use: Potion            |       |       |       |     1 ||     1
Armor: Skin              |     1 |       |     1 |       ||     2
Dodge: Dodged            |    16 |     8 |    74 |    71 ||   169
